Kradschützen Motorcycle Team
Construct Light Support Kompanie
Selects Armored Support Battlegroup
Selects Superior Fire Drills
Construct Panzerarmee Kommand
Walking Stuka Rocket Launcher
Flak 36 Anti-tank Gun Team
Pak 38 Anti-tank Gun Team
Selects Flammpanzer III Medium Tank
Selects Command Panzer IV F Medium Tank
Command Panzer IV F Medium Tank
Construct Mechanized Kompanie
Selects Stuka Anti-tank Loiter
Walking Stuka Rocket Launcher
18-tonne Recovery Half-track